 Dungeon Crawl Stone Soup version 0.25-a0-294-gea9b1ad378 (webtiles) character file.

Game seed: 15773568634431578236, levelgen mode: classic

101 Borgoz the Cudgeler (level 4, -1/42 HPs)
             Began as a Gargoyle Berserker on Dec 19, 2019.
             Was a Believer of Trog.
             Slain by an orc wizard
             ... wielding a +0 dagger
              (3 damage)
             ... on level 2 of the Dungeon.
             The game lasted 00:01:13 (927 turns).

Borgoz the Cudgeler (Gargoyle Berserker)             Turns: 927, Time: 00:01:14

Health: -1/42      AC:  5    Str: 25    XL:     4   Next: 75%
Magic:  4/4        EV: 12    Int:  8    God:    Trog [**....]
Gold:   58         SH:  0    Dex: 10    Spells: 3/3 levels left

rFire    . . .     SeeInvis .   a - +0 mace
rCold    . . .     Gourm    .   (no shield)
rNeg     + . .     Faith    .   b - +0 animal skin
rPois    ∞         Spirit   .   (no helmet)
rElec    +         Reflect  .   (no cloak)
rCorr    .         Harm     .   (no gloves)
MR       .....                  (no boots)
Stlth    ..........             (no amulet)
HPRegen  0.14/turn              (no ring)
MPRegen  0.09/turn              (no ring)

@: berserking, very quick
A: negative energy resistance 1, electricity resistance, unbreathing,
petrification resistance, rot immunity, AC +3
a: Berserk, Trog's Hand, Renounce Religion


You were on level 2 of the Dungeon.
You worshipped Trog.
Trog was pleased with you.
You were hungry.

You visited 1 branch of the dungeon, and saw 2 of its levels.

You collected 58 gold pieces.

Inventory:

Hand Weapons
 a - a +0 mace (weapon)
Armour
 b - a +0 animal skin (worn)
Jewellery
 i - a +1 ring of protection {unknown}
Scrolls
 e - 6 scrolls of identify {unknown}
 g - 2 scrolls of amnesia {unknown}
 h - a scroll of magic mapping {unknown}
 j - a scroll of remove curse {unknown}
Potions
 d - a potion of agility {unknown}
Comestibles
 c - 3 rations
 f - 4 chunks of flesh


   Skills:
 - Level 3.2 Fighting
 * Level 4.3 Maces & Flails
 + Level 3.2 Armour
 + Level 2.3 Dodging


You had 3 spell levels left.
You didn't know any spells.
Your spell library was empty.

Dungeon Overview and Level Annotations

Branches:
Dungeon (2/15)

Altars:


Innate Abilities, Weirdness & Mutations

You are resistant to torment.
Your stone body is resilient. (AC +3)
You are immune to poison.
You resist negative energy. (rN+)
You are resistant to electric shocks. (rElec)
You can survive without breathing.
You are immune to petrification.
You are immune to rotting.


Message History

You thump the orc priest!
The orc priest is severely wounded.
The orc priest invokes the aid of Beogh against you.
You barely resist. You barely miss the orc priest.
The orc priest is severely wounded.
The orc misses you.
The orc priest invokes the aid of Beogh against you.
Beogh smites you!
* * * LOW HITPOINT WARNING * * *
You thump the orc priest!
You kill the orc priest!
Trog accepts your kill.
The orc wizard hits you but does no damage.
The orc hits you with a +0 flail.
* * * LOW HITPOINT WARNING * * *
The orc hits you but does no damage.
You closely miss the orc wizard.
The orc wizard hits you with a +0 dagger.
You die...

#.# ##..######## #.#
##...........# #.#
#..#########.# #)#
#.###........#
##.###.##..≈...≈..##
#..÷...#$..........####
#.###..#⌠..............
#. ##.#$....o.....# #.
#.##..≈.)@≈..#####.# #.
#.###...oo.......... #.
#..#########.#####.. #.
##...........# #.
#.######...)# ...#
####.# ##### #.# #.#
#..


You could see an orc wizard and 2 orcs.

Vanquished Creatures
  An orc priest (D:2)
  An orc wizard (D:2)
  2 adders (D:2)
  4 goblins (D:1)
  2 hobgoblins (D:1)
  4 jackals (D:2)
  5 kobolds
  A ball python (D:2)
  2 bats (D:1)
  6 frilled lizards
  5 rats (D:1)
33 creatures vanquished.

Notes
Turn   | Place    | Note
-------+----------+-------------------------------------------
     0 | D:1      | Borgoz the Gargoyle Berserker began the quest for the Orb.
     0 | D:1      | Reached XP level 1. HP: 14/14 MP: 1/1
   189 | D:1      | Reached XP level 2. HP: 19/19 MP: 2/2
   653 | D:2      | Reached XP level 3. HP: 23/23 MP: 3/3
   681 | D:2      | Reached ** piety under Trog
   899 | D:2      | Reached skill level 4 in Maces & Flails
   899 | D:2      | Reached XP level 4. HP: 7/28 MP: 4/4
   926 | D:2      | HP: 2/42 [orc/+0 flail (4)]
   927 | D:2      | Slain by an orc wizard

Levels and vault maps discovered:
D:1:      minmay_arrival_hallway, layout_rooms
D:2:      cheibrodos_pilgrimage, layout_loops_ring

Skill      XL: |  1  2  3 |
---------------+----------+-----
Dodging        | 2 |  2.3
Maces & Flails | 4 |  4.3
Armour         | 3 |  3.2
Fighting       | |  3.2

Action                   |  1- 3 |  4- 6 || total
-------------------------+-------+-------++-------
Melee: Mace              |    96 |     6 ||   102
Invok: Trog's Hand       |     1 |       ||     1
       Berserk           |       |     1 ||     1
  Eat: Chunk             |       |     1 ||     1
Armor: Animal skin       |    32 |     3 ||    35
Dodge: Dodged            |    73 |     4 ||    77

Table legend:
 A = Non-vault XP
 B = Vault XP
 C = Vault XP percentage of total XP
 D = Non-vault monster count
 E = Vault monster count
 F = Vault count percentage of total count
                 A         B        C        D         E       F
            +---------+---------+-------+---------+---------+-------
      Total |      69 |      76 |  52.4 |      31 |       2 |   6.1
            +---------+---------+-------+---------+---------+-------
        D:1 |      26 |       0 |   0.0 |      18 |       0 |   0.0
        D:2 |      43 |      76 |  63.9 |      13 |       2 |  13.3
            +---------+---------+-------+---------+---------+-------
